 Dungeon Crawl Stone Soup version 0.21.1-1-g345015fe64 (webtiles) character file.

79 Ivernyr the Charmwright (level 4, 0/34 HPs)
             Began as a Demonspawn Skald on Apr 25, 2018.
             Slain by an ice beast (6 damage)
             ... on level 2 of the Dungeon.
             The game lasted 00:04:23 (2244 turns).

Ivernyr the Charmwright (Demonspawn Skald)          Turns: 2244, Time: 00:04:25

Health: 0/34       AC:  5    Str: 12    XL:     4   Next: 16%
Magic:  1/7        EV: 15    Int: 14    God:
Gold:   105        SH:  0    Dex: 13    Spells: 2/7 levels left

rFire    . . .     SeeInvis .   (no weapon)
rCold    . . .     Gourm    .   (no shield)
rNeg     . . .     Faith    .   b - +0 leather armour
rPois    .         Spirit   .   (no helmet)
rElec    .         Reflect  .   (no cloak)
rCorr    .         Harm     .   (no gloves)
MR       +....                  (no boots)
Stlth    +.........             (no amulet)
HPRegen  0.11/turn              m - +3 ring of evasion
MPRegen  0.10/turn              r - ring of protection from magic

@: no status effects
A: claws 1, iridescent scales 1
a: no special abilities


You were on level 2 of the Dungeon.
You were very hungry.

You visited 1 branch of the dungeon, and saw 2 of its levels.

You collected 105 gold pieces.

Inventory:

Armour
 b - a +0 leather armour (worn)
Jewellery
 m - a +3 ring of evasion (left claw)
 r - a ring of protection from magic (right claw)
Scrolls
 a - a scroll of fog {unknown}
 f - 3 scrolls of remove curse {unknown}
 g - a scroll of immolation {unknown}
 i - 3 scrolls of random uselessness {unknown}
 j - a scroll of magic mapping {unknown}
 k - 3 scrolls of identify {unknown}
 n - a scroll of amnesia {unknown}
 p - 5 scrolls of teleportation {unknown}
Potions
 e - 3 potions of curing {unknown}
 h - 3 potions of resistance {unknown}
 l - 2 potions of agility {unknown}
 o - 2 potions of heal wounds {unknown}
Books
 c - a book of Battle

   Spells                             Type                      Level
   a - Infusion                       Charms                       1
   b - Shroud of Golubria             Charms/Translocation         2
   c - Song of Slaying                Charms                       2
   d - Spectral Weapon                Hexes/Charms                 3
   e - Regeneration                   Charms/Necromancy            3
Comestibles
 d - 6 rations


   Skills:
 + Level 2.7 Fighting
   Level 1.7 Long Blades
 * Level 2.7 Armour
 - Level 1.7 Dodging
 - Level 2.0 Spellcasting
 + Level 3.2 Charms


You had 2 spell levels left.
You knew the following spells:

 Your Spells              Type           Power        Failure   Level  Hunger
a - Shroud of Golubria    Chrm/Tloc      #.........   24%         2    ###....
b - Song of Slaying       Chrm           ##......     12%         2    ###....
c - Infusion              Chrm           ##..         9%          1    ##.....


Dungeon Overview and Level Annotations

Branches:
Dungeon (2/15)

Altars:


Innate Abilities, Weirdness & Mutations

You have sharp fingernails.
You are partially covered in iridescent scales. (AC +2)


Message History

The ice beast closely misses you.
You scratch the ice beast but do no damage.
The ice beast is almost dead.
The ice beast closely misses you.
You scratch the ice beast but do no damage.
The ice beast is almost dead.
The ice beast closely misses you.
You barely miss the ice beast.
The ice beast is almost dead.
The ice beast misses you.
You scratch the ice beast.
The ice beast is almost dead.
The ice beast hits you but does no damage.
You scratch the ice beast but do no damage.
The ice beast is almost dead.
Your shroud unravels.
The ice beast hits you.
* * * LOW HITPOINT WARNING * * *
The ice beast freezes you.
You die...

.## #..##. ## ..# ...... #. ...
#.###. ### . .. ##.###. #.##
.#.#########...... .#.##
#................# ###.######+#
#....Y.....#..##.# # ##........
#Y# #.#..##†# ###.######## #@#
#.#.#[#.# .#.## #.# #..###...
#.## #.# ##.## ##.. ...# #.# #.##
##. .>.# #.# ##.## ##.. ...#####
##.## #..###...
.......########...#######.#.#.#.#
.....()............)...(.(##.##.#
.......########...#############.#


You could see an ice beast.

Vanquished Creatures
  2 adders (D:2)
  3 dart slugs
  4 leopard geckos
  7 bats
  A giant cockroach (D:2)
  4 hobgoblins
  3 jackals (D:1)
  7 kobolds
  A ball python (D:1)
  2 frilled lizards (D:1)
  8 goblins
  7 rats
49 creatures vanquished.

Notes
Turn   | Place    | Note
-------+----------+-------------------------------------------
     0 | D:1      | Ivernyr the Demonspawn Skald began the quest for the Orb.
     0 | D:1      | Reached XP level 1. HP: 16/16 MP: 3/3
    14 | D:1      | Reached skill level 1 in Armour
   210 | D:1      | Gained mutation: You have sharp fingernails. [demonic ancestry]
   210 | D:1      | Reached XP level 2. HP: 22/22 MP: 5/5
   578 | D:1      | Reached skill level 3 in Charms
   616 | D:1      | Reached XP level 3. HP: 14/28 MP: 6/6
   622 | D:1      | Learned a level 2 spell: Song of Slaying
   625 | D:1      | Learned a level 2 spell: Shroud of Golubria
  1310 | D:2      | Found a faded altar of an unknown god.
  1800 | D:2      | Gained mutation: You are partially covered in iridescent scales. (AC +2) [demonic ancestry]
  1800 | D:2      | Reached XP level 4. HP: 34/34 MP: 7/7
  2198 | D:2      | Noticed an ice beast
  2244 | D:2      | Slain by an ice beast

Skill      XL: |  1  2 |
---------------+-------+-----
Armour         | 1 2 |  2.7
Charms         | 3 |  3.2
Fighting       | |  2.7
Long Blades    | |  1.7
Dodging        | |  1.7
Spellcasting   | |  2.0

Action                   |  1- 3 |  4- 6 || total
-------------------------+-------+-------++-------
Melee: Falchion          |    14 |       ||    14
       Unarmed           |   175 |    71 ||   246
 Cast: Shroud of Golubri |     1 |     4 ||     5
 Stab: Sleeping          |     1 |       ||     1
  Eat: Chunk             |     3 |     1 ||     4
Armor: Leather armour    |    62 |    14 ||    76
Dodge: Dodged            |   177 |    45 ||   222
       Rpst.: Falchion   |     5 |       ||     5
